 Dungeon Crawl Stone Soup version 0.29-a0-221-gceb61267dd (webtiles) character file.

Game seed: 11311227502169681902

104387 Angani the Sniper (level 15, -4/126 HPs)
             Began as a Grey Draconian Hunter on Feb 26, 2022.
             Was the Champion of Wu Jian.
             Slain by a lorocyproca (12 damage)
             ... on level 2 of the Abyss.
             The game lasted 00:47:47 (22875 turns).

Angani the Sniper (Grey Draconian Hunter)          Turns: 22875, Time: 00:47:48

Health: -4/126     AC: 22    Str: 14    XL:     15   Next: 91%
Magic:  15/15      EV: 16    Int: 14    God:    Wu Jian [******]
Gold:   1199       SH:  0    Dex: 17    Spells: 14/14 levels left

rFire   + . .      SeeInvis .   a - +0 arbalest (elec)
rCold   . . .      Faith    .   (shield currently unavailable)
rNeg    . . .      Spirit   .   (body armour unavailable)
rPois   .          Reflect  .   (helmet restricted)
rElec   .          Harm     .   A - scarf {repulsion}
rCorr   .          Rampage  .   M - +0 pair of gloves of the Vaults {-Cast rF+ Will+ Slay+6}
Will    ++...      NoCast   +   d - +2 pair of boots
Stlth   ++........              R - amulet of magic regeneration
HPRegen 0.31/turn               I - +4 ring of protection
MPRegen 0.54/turn               P - +4 ring of slaying

@: repel missiles
A: AC +14, amphibious, unfitting armour, cold-blooded, passive freeze, wild
magic 1, no potion heal 1
a: Renounce Religion, Wall Jump, Serpent's Lash, Heavenly Storm


You were on level 2 of the Abyss.
You worshipped Wu Jian.
Wu Jian was exalted by your worship.
You visited 3 branches of the dungeon, and saw 21 of its levels.
You visited the Abyss 1 time.
You also visited: Volcano.

You collected 1954 gold pieces.
You spent 755 gold pieces at shops.

Inventory:

Hand Weapons
 a - a +0 arbalest of electrocution (weapon)
 b - the +6 arbalest "Damnation" {damnation}
   (You acquired it on level 8 of the Dungeon)

   Any ammunition fired from it explodes in a burst of damnation on striking a
   foe, dealing damage which bypasses armour.
 w - a +3 broad axe of draining
 Q - a +5 hand crossbow of electrocution
Missiles
 B - 3 throwing nets
Armour
 d - a +2 pair of boots (worn)
 A - a scarf of repulsion (worn)
 M - the +0 pair of gloves of the Vaults (worn) {-Cast rF+ Will+ Slay+6}
   (You acquired it on level 12 of the Dungeon)

   Slay:      It affects your accuracy & damage with ranged weapons and melee
   (+6).
   rF:        It protects you from fire.
   -Cast:     It prevents spellcasting.
   Will:      It increases your willpower.
Magical Staves
 q - a staff of death
 v - a staff of conjuration
Jewellery
 c - a ring of fire
 i - a ring of wizardry
 I - a +4 ring of protection (left hand)
 P - a +4 ring of slaying (right hand)
 R - an amulet of magic regeneration (around neck)
Wands
 x - a wand of flame (14)
 y - a wand of digging (5)
 C - a wand of paralysis (4)
 G - a wand of acid (3)
 H - a wand of charming (5)
Scrolls
 j - 2 scrolls of teleportation
 l - a scroll of summoning
 o - 5 scrolls of vulnerability
 s - a scroll of holy word
 z - a scroll of silence
 L - a scroll of magic mapping
 O - a scroll of amnesia
Potions
 e - 2 potions of flight
 f - 2 potions of ambrosia
 g - 6 potions of might
 h - 2 potions of curing
 k - 2 potions of magic
 n - 3 potions of resistance
 p - a potion of brilliance
 t - a potion of invisibility
 u - 2 potions of haste
 J - a potion of berserk rage
Miscellaneous
 E - a condenser vane
 N - a lightning rod (4/4)


   Skills:
 - Level 10.2 Fighting
 - Level 2.1 Axes
 + Level 23.2 Crossbows
 - Level 6.8 Dodging
 - Level 0.8 Stealth


You had 14 spell levels left.
You didn't know any spells.
Your spell library contained the following spells:

 Spells                   Type           Power      Damage    Failure   Level
 Animate Skeleton         Necr           0%         N/A       36%         1
 Apportation              Tloc           0%         N/A       36%         1
 Beastly Appendage        Tmut           0%         N/A       36%         1
 Shock                    Conj/Air       0%         1d3       36%         1
 Summon Small Mammal      Summ           0%         N/A       36%         1
 Wereblood                Tmut           0%         N/A       50%         2
 Dazzling Flash           Conj/Hex       0%         N/A       73%         3
 Ignite Poison            Fire/Tmut/Pois 0%         N/A       73%         3
 Mephitic Cloud           Conj/Pois/Air  0%         N/A       73%         3
 Spider Form              Tmut/Pois      0%         N/A       73%         3
 Swiftness                Air            0%         N/A       73%         3
 Airstrike                Air            0%         N/A       98%         4
 Leda's Liquefaction      Hex/Erth       0%         N/A       98%         4
 Passage of Golubria      Tloc           0%         N/A       98%         4
 Petrify                  Tmut/Erth      0%         N/A       98%         4
 Agony                    Necr           0%         N/A       100%        5
 Freezing Cloud           Conj/Ice/Air   0%         6-21      100%        5
 Lee's Rapid Deconstruct  Erth           0%         3d5*      100%        5
 Metabolic Englaciation   Hex/Ice        0%         N/A       100%        5
 Silence                  Hex/Air        0%         N/A       100%        5
 Summon Forest            Summ/Tloc      0%         N/A       100%        5
 Eringya's Noxious Bog    Tmut/Pois      0%         N/A       100%        6
 Statue Form              Tmut/Erth      0%         N/A       100%        6
 Summon Hydra             Summ           0%         N/A       100%        7
 Lehudib's Crystal Spear  Conj/Erth      0%         10d2      100%        8


Dungeon Overview and Level Annotations

Branches:
Dungeon (13/15)            Temple (0/1) D:6            Lair (6/6) D:8
 Shoals (0/4) Lair:3        Snake (0/4) Lair:3        Slime (0/5) Lair:6
    Orc (2/2) D:9             Elf (0/3) Orc:2       Volcano (visited)
 Vaults: D:13-14

Altars:
Ashenzari
Dithmenos
Hepliaklqana
Ru
Trog
Vehumet
Wu Jian
Yredelemnul
Jiyva

Shops:
D:10 ?   Orc:2 ?*([

Annotations:
D:5 3 runed translucent doors, stickyfingers's ghost, amateur DEAr
D:13 Sonja


Innate Abilities, Weirdness & Mutations

Your dull iron-grey scales are very hard. (AC +14)
You are amphibious.
You cannot fit into any form of body armour.
You are cold-blooded and may be slowed by cold attacks.
A frigid envelope surrounds you and freezes all who hurt you.
Your spells are a little harder to cast, but a little more powerful.
Potions are less effective at restoring your health.


Message History

You kill the yellow draconian!
That felt strangely unrewarding.
Unknown command.
You start resting.
There is a strange disturbance nearby!
Shoot: b) +6 arbalest "Damnation" {damnation}
Press: ? - help, Shift-Dir - straight line You shoot a damnation bolt.
Unknown command.
Unknown command.
Shoot: b) +6 arbalest "Damnation" {damnation}
Press: ? - help, Shift-Dir - straight line You shoot a damnation bolt.
Unknown command.
Unknown command.
Shoot: b) +6 arbalest "Damnation" {damnation}
Press: ? - help, Shift-Dir - straight line You shoot a damnation bolt.
Unknown command.
Unknown command.
Unknown command.
Shoot: b) +6 arbalest "Damnation" {damnation}
Press: ? - help, Shift-Dir - straight line, f - you Really target yourself?
Unknown command.
Shoot: b) +6 arbalest "Damnation" {damnation}
Press: ? - help, Shift-Dir - straight line You shoot a damnation bolt.
The damnation bolt explodes!
The damnation engulfs something!!
You are no longer corroded.
You hear a shout!
You hear a horrible gurgling sound! x2
Unknown command.
Unknown command.
You hear the crackle of electricity.
a - a +0 arbalest of electrocution (weapon)
Unknown command.
Shoot: a) +0 arbalest (elec)
Press: ? - help, Shift-Dir - straight line You shoot a bolt.
Something hits you!
You die...

###### #.
#..#.#..#
#........
#........
#.......)
#@{......
##..#####
.### .


There were no monsters in sight!

Vanquished Creatures
  Jorgrun (D:12)
  A tentacled starspawn (Abyss:2)
  Donald (Orc:2)
  A juggernaut skeleton (Abyss:2)
  A purple draconian (Abyss:2)
  A yellow draconian (Abyss:2)
  A rakshasa (Abyss:2)
  3 boulder beetles
  10 hydras
  Fannar (D:12)
  2 catoblepae (Lair:6)
  4 centaur warriors
  5 death yaks (Lair:6)
  3 two-headed ogres
  A deep troll shaman (Lair:6)
  Urug (Orc:2)
  A sixfirhy (Abyss:2)
  4 skeletal warriors
  A sun demon (Abyss:2)
  A wretched star (Abyss:2)
  4 large abominations (Abyss:2)
  2 starcursed masses (Abyss:2)
  A glowing orange brain (Abyss:2)
  2 deep elf pyromancers
  A lindwurm (Lair:6)
  4 orc knights
  4 ugly things
  2 manticores
  A worldbinder (Abyss:2)
  A cyclops (D:12)
  3 orc sorcerers
  14 elephants
  3 black mambas
  A smoke demon (Volcano)
  11 centaur zombies
  A molten gargoyle (Volcano)
  4 gargoyles
  11 cane toads
  3 unseen horrors
  Psyche (D:8)
  10 komodo dragons
  6 rime drakes
  2 tengu conjurers (D:10)
  Maggie (D:8)
  A tormentor (Abyss:2)
  A red devil (Volcano)
  A queen bee (Lair:5)
  6 trolls
  6 polar bears
  3 meliai (Lair:5)
  A troll (shapeshifter) (D:10)
  A harpy skeleton (Abyss:2)
  A hornet (D:11)
  9 slime creatures
  32 blink frogs
  A snapping turtle (Lair:3)
  A meliai zombie (D:13)
  A spriggan (shapeshifter) (D:13)
  A shadow (D:9)
  3 wraiths
  2 fire bats (Volcano)
  3 vampires
  53 yaks
  2 wyverns
  Eustachio (D:3)
  3 basilisks
  5 vampire mosquitoes
  2 steam dragons (D:8)
  3 wargs
  5 nagas (Lair:3)
  5 acid dragons
  16 water moccasins
  4 black bears
  A sky beast (D:8)
  37 orc warriors
  2 ice beasts
  8 ogres
  A small abomination (Abyss:2)
  2 necrophages
  29 wolves
  17 centaurs
  13 bullfrogs
  5 kobold brigands
  2 scorpions
  4 gnoll sergeants
  49 killer bees
  3 electric eels
  15 wights
  A crimson imp (Abyss:2)
  5 lava snakes (Volcano)
  2 jellies
  3 hounds
  9 orc priests
  An iron imp (Abyss:2)
  2 gnoll shamans
  7 hell rats (Lair:2)
  12 orc wizards
  A mummy (D:13)
  2 howler monkey zombies (D:10)
  28 gnolls
  8 adders
  A shadow imp (D:8)
  An ufetubus (Abyss:2)
  A worm (D:3)
  66 orcs
  5 endoplasms
  3 giant cockroaches
  6 goblins
  7 hobgoblins
  10 jackals
  24 kobolds
  4 quokkas
  12 ball pythons
  4 bats
  5 frilled lizards
  6 rats
  A starspawn tentacle (Abyss:2)
735 creatures vanquished.

Vanquished Creatures (others)
  A deep elf pyromancer (D:12)
  45 fungi
  59 plants
  3 starspawn tentacles (Abyss:2)
  A withered plant (D:13)
109 creatures vanquished.

Grand Total: 844 creatures vanquished

Notes
Turn   | Place    | Note
-------+----------+-------------------------------------------
     0 | D:1      | Angani the Draconian Hunter began the quest for the Orb.
     0 | D:1      | Reached XP level 1. HP: 17/17 MP: 1/1
   127 | D:1      | Reached XP level 2. HP: 25/25 MP: 2/2
   198 | D:1      | Reached skill level 4 in Crossbows
   518 | D:1      | Reached XP level 3. HP: 31/31 MP: 3/3
   733 | D:1      | Found a faded altar of an unknown god.
   790 | D:1      | Prayed at the altar of an unknown god.
   790 | D:1      | Became a worshipper of the Wu Jian Council
   790 | D:1      | Reached * piety under Wu Jian
  1141 | D:2      | Reached XP level 4. HP: 40/40 MP: 4/4
  1378 | D:3      | Reached ** piety under Wu Jian
  2093 | D:3      | Noticed an ogre
  2157 | D:4      | Noticed a scorpion
  2165 | D:4      | Killed a scorpion
  2166 | D:4      | Reached skill level 5 in Crossbows
  2166 | D:4      | Reached XP level 5. HP: 34/47 MP: 5/5
  2266 | D:4      | Noticed Eustachio
  2323 | D:4      | Found a sacrificial altar of Ru.
  2453 | D:3      | Killed Eustachio
  2454 | D:3      | Reached skill level 5 in Fighting
  2454 | D:3      | Reached XP level 6. HP: 16/56 MP: 6/6
  2743 | D:4      | Reached *** piety under Wu Jian
  2903 | D:4      | Found a broken altar of Ashenzari.
  3218 | D:5      | Entered Level 5 of the Dungeon
  3232 | D:4      | Reached skill level 6 in Crossbows
  3232 | D:4      | Your scales start taking on a dull iron-grey colour.
  3232 | D:4      | Reached XP level 7. HP: 55/63 MP: 7/7
  3448 | D:5      | Found a runed translucent gate.
  3448 | D:5      | Found a runed translucent gate.
  3448 | D:5      | Found a runed translucent gate.
  3921 | D:5      | Reached skill level 7 in Crossbows
  3921 | D:5      | Reached XP level 8. HP: 68/73 MP: 8/8
  4598 | D:6      | Found a bloodstained altar of Trog.
  4997 | D:5      | Noticed stickyfingers's ghost (amateur DEAr)
  5039 | D:6      | Reached skill level 8 in Crossbows
  5213 | D:6      | Reached XP level 9. HP: 84/84 MP: 9/9
  5233 | D:6      | Found a staircase to the Ecumenical Temple.
  5388 | D:6      | Reached skill level 10 in Fighting
  5388 | D:6      | Reached skill level 9 in Crossbows
  6781 | D:7      | Gained mutation: Your spells are a little harder to cast,
                  | but a little more powerful. [potion of mutation]
  6781 | D:7      | Gained mutation: A frigid envelope surrounds you and
                  | freezes all who hurt you. [potion of mutation]
  6781 | D:7      | Gained mutation: Potions are less effective at restoring
                  | your health. [potion of mutation]
  6896 | D:7      | Reached skill level 10 in Crossbows
  7818 | D:8      | Noticed Maggie
  7824 | D:8      | Killed Maggie
  7887 | D:8      | Reached **** piety under Wu Jian
  7895 | D:8      | Reached XP level 10. HP: 93/93 MP: 10/10
  7899 | D:8      | Found a staircase to the Lair.
  7984 | D:8      | Reached skill level 1 in Axes
  8006 | D:8      | Identified a scroll of acquirement
  8007 | D:8      | Acquired the +6 arbalest "Damnation" {damnation}
  8007 | D:8      | Found the +6 arbalest "Damnation" {damnation}
  8086 | D:8      | Reached skill level 11 in Crossbows
  8472 | D:8      | Noticed a two-headed ogre
  8472 | D:8      | Noticed Psyche
  8473 | D:8      | Killed a two-headed ogre
  8474 | D:8      | Reached skill level 12 in Crossbows
  8475 | D:8      | Killed Psyche
  8480 | D:8      | Reached ***** piety under Wu Jian
  8481 | D:8      | Noticed a boulder beetle
  8483 | D:8      | Noticed a gargoyle
  8484 | D:8      | Killed a gargoyle
  8487 | D:8      | Killed a boulder beetle
  8488 | D:8      | Reached skill level 13 in Crossbows
  8493 | D:8      | Reached XP level 11. HP: 100/100 MP: 11/11
  8570 | D:8      | Noticed a centaur warrior
  8594 | D:8      | Found a hazy altar of Hepliaklqana.
  8594 | D:8      | Found an ornate altar of the Wu Jian Council.
  8840 | D:9      | Found a staircase to the Orcish Mines.
  9139 | D:9      | Reached skill level 14 in Crossbows
  9345 | D:10     | Entered Level 10 of the Dungeon
  9348 | D:10     | Found Ecucovun's Magic Scroll Boutique.
  9378 | D:10     | Bought a scroll of brand weapon for 280 gold pieces
  9378 | D:10     | Bought a scroll of enchant armour for 105 gold pieces
  9378 | D:10     | Bought a scroll of blinking for 105 gold pieces
  9378 | D:10     | Bought a scroll of identify for 28 gold pieces
  9378 | D:10     | Bought a scroll of identify for 28 gold pieces
  9580 | D:10     | Reached skill level 15 in Crossbows
  9642 | D:10     | Found a basalt altar of Yredelemnul.
  9791 | D:10     | Found a shadowy altar of Dithmenos.
  9815 | D:10     | Reached ****** piety under Wu Jian
 10147 | D:10     | Noticed a centaur warrior
 10150 | D:10     | Killed a centaur warrior
 10274 | D:10     | Noticed an eight-headed hydra
 10276 | D:10     | Noticed a centaur warrior
 10278 | D:10     | Killed an eight-headed hydra
 10282 | D:10     | Killed a centaur warrior
 10283 | D:10     | Reached skill level 16 in Crossbows
 10283 | D:10     | Reached XP level 12. HP: 77/106 MP: 12/12
 11264 | Lair:1   | Entered Level 1 of the Lair of Beasts
 11520 | Lair:1   | Identified the +8 flail of Innocence {vorpal, Dex+2}
 11691 | Lair:1   | Found a dark tunnel.
 11700 | Volcano  | Entered a volcano
 11947 | Volcano  | Reached skill level 17 in Crossbows
 12165 | Volcano  | Found a radiant altar of Vehumet.
 12480 | Volcano  | Reached XP level 13. HP: 113/113 MP: 13/13
 13145 | Lair:2   | Reached skill level 18 in Crossbows
 13764 | Lair:3   | Reached XP level 14. HP: 121/121 MP: 14/14
 13835 | Lair:3   | Reached skill level 19 in Crossbows
 14083 | Lair:3   | Found a staircase to the Snake Pit.
 14473 | Lair:3   | Found a staircase to the Shoals.
 15562 | Lair:5   | Reached skill level 20 in Crossbows
 16334 | Lair:6   | Entered Level 6 of the Lair of Beasts
 16567 | Lair:6   | Reached skill level 21 in Crossbows
 16747 | Lair:6   | Reached XP level 15. HP: 126/126 MP: 15/15
 16874 | Lair:6   | Found a staircase to the Slime Pits.
 16874 | Lair:6   | Found a viscous altar of Jiyva.
 16949 | Lair:6   | Found a radiant altar of Vehumet.
 17551 | Lair:6   | Identified the +10 shortbow of Green Offence {vorpal, rC-
                  | Int+2 Dex+2}
 17821 | Orc:1    | Entered Level 1 of the Orcish Mines
 18287 | Orc:2    | Entered Level 2 of the Orcish Mines
 18290 | Orc:2    | Noticed Donald
 18631 | Orc:2    | Reached skill level 22 in Crossbows
 18649 | Orc:2    | Killed Donald
 18943 | Orc:2    | Noticed Urug
 18953 | Orc:2    | Killed Urug
 18960 | Orc:2    | Found Bifocithro's Weapon Shop.
 18960 | Orc:2    | Found Wiamut's Assorted Antiques.
 18960 | Orc:2    | Found Wapnigg's Magic Scroll Shoppe.
 18963 | Orc:2    | Found Qonkas's Antique Armour Boutique.
 18979 | Orc:2    | Bought a pitted cloak for 209 gold pieces
 18979 | Orc:2    | Identified the -4 cloak of the Sparrow {Int+4} (You bought
                  | it in a shop on level 2 of the Orcish Mines)
 19192 | Orc:2    | Found a staircase to the Elven Halls.
 21006 | D:12     | Noticed Jorgrun
 21010 | D:12     | Killed Jorgrun
 21139 | D:12     | Noticed Fannar
 21145 | D:12     | Killed Fannar
 21620 | D:12     | Acquired the +0 pair of gloves of the Vaults {-Cast rF+
                  | Will+ Slay+6}
 21784 | D:12     | Reached skill level 23 in Crossbows
 21950 | D:13     | Noticed Sonja
 22295 | D:13     | Cast into level 2 of the Abyss (Sonja)
 22337 | Abyss:2  | Noticed a tentacled starspawn
 22353 | Abyss:2  | Killed a tentacled starspawn
 22471 | Abyss:2  | Noticed a bone dragon
 22531 | Abyss:2  | Noticed a tentacled starspawn
 22597 | Abyss:2  | HP: 1/189 [sun demon (16)]
 22859 | Abyss:2  | HP: 3/126 [yellow draconian/glob of acid (36)]
 22875 | Abyss:2  | Slain by a lorocyproca

Illustrated notes

Levels and vault maps discovered:
D:1:      shiori_shiawase, layout_basic, shapermc_ecumenical_altar_notcrosses,
          amcnicky_mini_pool_small, minmay_misc_feat_pillars
D:2:      layout_basic, hangedman_decor_growths, minmay_hexomino_c4
D:3:      layout_basic, kennysheep_generic_room_16
D:4:      layout_rooms, mainiacjoe_overflow_boulevard, evilmike_ruin_ashenzari,
          uniq_eustachio
D:5:      layout_rooms, gammafunk_ghost_icy, dk_vineyard_2
D:6:      layout_basic, lemuel_round_altar, minmay_temple_entry_fiery,
          nicolae_figureground_pulse
D:7:      layout_cave_pods
D:8:      nzn_winding_woodlands_stair_cross
          [nzn_winding_woodlands_5x15_pathside_ponds,
          nzn_winding_woodlands_center_garden, nzn_winding_woodlands_5x15_cabin,
          nzn_winding_woodlands_5x5_cross, nzn_winding_woodlands_5x5_perimeter,
          nzn_winding_woodlands_5x15_sidewinder,
          nzn_winding_woodlands_center_triple_pond,
          nzn_winding_woodlands_5x15_parted], layout_loops_ring,
          nicolae_overflow_hidden_temple, lair_entry_dummy, uniq_maggie,
          uniq_psyche
D:9:      layout_gridville, orc_0_dummy, chequers_serial_rivers_micro_b
D:10:     layout_roguey, kennysheep_mini_moat, nicolae_yredelemnul_corpse_copse,
          serial_shops, shop, minmay_evil_grid
D:11:     layout_basic
D:12:     layout_basic, uniq_fannar, uniq_jorgrun
D:13:     layout_cave_pools, grunt_vaults_entry_tiered, serial_undead,
          serial_undead_f, serial_undead_c, serial_undead_d, serial_undead_c,
          serial_undead_e, serial_undead_a, uniq_sonja, uniq_lodul
Lair:1:   layout_roguey, lightli_volcano_entry_magma_tube, serial_bayou_shore_a,
          grunt_megastairs_4, infiniplex_staircase_pool_2
Lair:2:   layout_big_grid
Lair:3:   layout_gridlike, minmay_shoals_entry_hut,
          minmay_snake_entry_guardpost_medium, st_stairs_8
Lair:4:   hellmonk_destroyed_diamonds, layout_loops_ring
Lair:5:   layout_hall_layers, special_room [special_room_bee]
Lair:6:   grunt_lair_end_beastmaster, layout_regular_city, slime_altar_1,
          basic_altar, fungi_pond_lemuel
Orc:1:    layout_diamond_mine, nicolae_orc_stony_grotto
Orc:2:    st_orc_rangers, layout_caves, uniq_donald, uniq_urug
Abyss:2:  base: D:14, hangedman_shadowy_showcase

Skill      XL: |  1  2  3  4  5  6  7  8  9 10 11 12 13 14 15 |
---------------+----------------------------------------------+-----
Crossbows      | 4 5 6 7 8 10 13 16 17 18 21 23 | 23.2
Fighting       | 3 4 5 6 7 9 10 | 10.2
Axes           | 2 |  2.1
Dodging        | 6 |  6.8
Stealth        | |  0.8

Action                   |  1- 3 |  4- 6 |  7- 9 | 10-12 | 13-15 || total
-------------------------+-------+-------+-------+-------+-------++-------
Melee: Arbalest          |       |       |       |     1 |       ||     1
       Tailslap          |       |       |       |     1 |       ||     1
 Fire: Hand crossbow     |   111 |   188 |   391 |   109 |   104 ||   903
       Arbalest          |       |       |       |   162 |   641 ||   803
Evoke: Wand              |       |       |     1 |     6 |     4 ||    11
       Lightning rod     |       |       |       |       |     2 ||     2
       Condenser vane    |       |       |       |       |     1 ||     1
  Use: Scroll            |     6 |    10 |     9 |    13 |    12 ||    50
       Potion            |     3 |     1 |     1 |     2 |     9 ||    16
Armor: Skin              |    13 |    45 |    95 |    96 |   144 ||   393
Dodge: Dodged            |    26 |    76 |   150 |    85 |   287 ||   624
       Repelled          |       |       |       |     2 |     4 ||     6

Table legend: (Time is in decaauts)
 A = Elapsed time spent in this place.
 B = Non-inter-level travel time spent in this place.
 C = Inter-level travel time spent in this place.
 D = Time resting spent in this place.
 E = Time spent auto-exploring this place.
 F = Levels seen in this place.
 G = Mean time per level.
                   A        B        C        D        E       F      G
               +--------+--------+--------+--------+--------+-----+--------+
         Total |  22950 |  21543 |   1407 |   5550 |  11484 |  23 |  997.8 |
       Dungeon |  13701 |  12871 |    830 |   3558 |   7074 |  13 | 1053.9 |
          Lair |   5640 |   5273 |    367 |    429 |   3619 |   6 |  940.0 |
  Orcish Mines |   2263 |   2054 |    209 |    923 |    756 |   2 | 1131.5 |
         Abyss |    574 |    574 |      0 |    246 |      0 |   1 |  574.0 |
       Volcano |    770 |    770 |      0 |    394 |     35 |   1 |  770.0 |
               +--------+--------+--------+--------+--------+-----+--------+

Top non-repeatable levels by time:
     D:6: 1992 daAuts
    D:10: 1866 daAuts
  Lair:6: 1295 daAuts
     D:5: 1268 daAuts
   Orc:2: 1194 daAuts
    D:12: 1188 daAuts
     D:7: 1149 daAuts
   Orc:1: 1068 daAuts
     D:3: 1049 daAuts
  Lair:1: 1011 daAuts
     D:8: 958 daAuts
    D:11: 938 daAuts
     D:4: 936 daAuts
  Lair:3: 912 daAuts
     D:9: 877 daAuts
